 Dungeon Crawl Stone Soup version 0.26-a0-317-ge2f3d4a7ca (webtiles) character file.

Game seed: 3216466104519640582

27 MrRokkomies the Vexing (level 2, 0/11 HPs)
             Began as a Felid Enchanter on July 16, 2020.
             Slain by a hobgoblin
             ... wielding a +0 club
              (8 damage)
             ... on level 3 of the Dungeon.
             The game lasted 00:04:50 (2898 turns).

MrRokkomies the Vexing (Felid Enchanter)            Turns: 2898, Time: 00:04:51

Health: 0/11       AC:  1    Str:  4    XL:     2   Next: 93%
Magic:  6/6        EV: 18    Int: 16    God:
Gold:   121        SH:  0    Dex: 16    Spells: 2/5 levels left
                                        Lives:  0   Deaths: 0

rFire    . . .     SeeInvis +     - Unarmed
rCold    . . .     Faith    .   (shield unavailable)
rNeg     . . .     Spirit   .   (armour unavailable)
rPois    .         Reflect  .   (helmet unavailable)
rElec    .         Harm     .   (cloak unavailable)
rCorr    +                      (gloves unavailable)
MR       .....                  (boots unavailable)
Stlth    +++.......             (no amulet)
HPRegen  0.03/turn              g - ring of flight
MPRegen  0.10/turn              i - ring of resist corrosion

@: quick
A: very small, no armour, no weapons or thrown items, stealth, claws 1, fangs 3,
see invisible, speed 1, shaggy fur 1, sharp paws
a: Evoke Flight


You were on level 3 of the Dungeon.
You visited 1 branch of the dungeon, and saw 3 of its levels.

You collected 121 gold pieces.

Inventory:

Jewellery
 g - a ring of flight (left paw)
 i - a ring of resist corrosion (right paw)
Scrolls
 b - a scroll of fog {unknown}
 c - 2 scrolls of identify
 f - 2 scrolls of remove curse
 k - a scroll of teleportation
Potions
 a - a potion of berserk rage
 d - 2 potions of degeneration {unknown}
 e - 2 potions of mutation
 h - 2 potions of flight
 j - a potion of heal wounds {unknown}


   Skills:
 + Level 3.0 Dodging
 + Level 4.4 Stealth
 * Level 1.8 Unarmed Combat
 - Level 2.0 Spellcasting
 * Level 5.0 Hexes


You had 2 spell levels left.
You knew the following spells:

 Your Spells              Type           Power        Failure   Level
a - Corona                Hex            ###....      2%          1
b - Ensorcelled Hibernat  Hex/Ice        #.....       11%         2

Your spell library contained the following spells:

 Spells                   Type           Power        Failure   Level
 Tukima's Dance           Hex            ###.....     8%          3
 Dazzling Flash           Conj/Hex       #.....       22%         3


Dungeon Overview and Level Annotations

Branches:
Dungeon (3/15)

Altars:


Innate Abilities, Weirdness & Mutations

You cannot wear armour.
You are incapable of wielding weapons or throwing items.
Your paws allow you to move quietly. (Stealth)
You have sharp claws.
You have razor-sharp teeth.
You have supernaturally acute eyesight. (SInv)
You cover ground quickly.
You are covered in fur. (AC +1)
Your sharp claws are effective at attacking unaware monsters.


Message History

There is a stone staircase leading down here.
You climb downwards.
There is a stone staircase leading up here.
A frilled lizard comes into view.
The helpless frilled lizard fails to defend itself.
You claw the frilled lizard!
You kill the frilled lizard!
No target in view!
Found 23 sling bullets.
A hobgoblin comes into view. It is wielding a +0 club.
You scratch the hobgoblin but do no damage.
You bite the hobgoblin, but do no damage.
The hobgoblin barely misses you.
You scratch the hobgoblin but do no damage.
The hobgoblin hits you with a +0 club.
You scratch the hobgoblin. You bite the hobgoblin.
The hobgoblin is heavily wounded.
The hobgoblin hits you with a +0 club!
Ouch! That really hurt!
You die...

.....#.7.7 #.#.#
.#.......#.7.7 #.#.#
..#.......7.7 #.#.#
#.#.......7.7 #.#.#
#.........7.7 #.#.#
..##........7.7 #.#..
............# #.#..
..####g........# #.#..
.......@.....#.# #.#..
#######....#.#.#####.#..
#....#.........#..
##..........####...
.....................
#############.........####...
#........ #.........# #..(
#........ ##........#######
#....... #.####.#.<......


You could see a hobgoblin.

Vanquished Creatures
  A worm (D:3)
  A leopard gecko (D:2)
  An orc (D:3)
  3 bats
  4 goblins
  2 hobgoblins
  2 jackals (D:1)
  4 frilled lizards
  2 kobolds (D:1)
20 creatures vanquished.

Notes
Turn   | Place    | Note
-------+----------+-------------------------------------------
     0 | D:1      | MrRokkomies the Felid Enchanter began the quest for the
                  | Orb.
     0 | D:1      | Reached XP level 1. HP: 7/7 MP: 4/4
   519 | D:1      | Reached XP level 2. HP: 7/11 MP: 6/6
   523 | D:1      | Learned a level 2 spell: Ensorcelled Hibernation
  1396 | D:2      | Found a faded altar of an unknown god.
  2312 | D:3      | Reached skill level 5 in Hexes
  2898 | D:3      | Slain by a hobgoblin

Illustrated notes

Levels and vault maps discovered:
D:1:      minmay_arrival_four_circles, layout_basic, hangedman_decor_points
D:2:      layout_loops_ring, chequers_ecumenical_altar_simple_redux
D:3:      layout_basic, serial_forest, infiniplex_forest_clump_small,
          infiniplex_forest_clump_tiny, infiniplex_forest_clump_C,
          infiniplex_forest_straight_2, infiniplex_forest_corner_1,
          infiniplex_forest_lined_2, infiniplex_forest_clump_medium,
          infiniplex_forest_clump_medium, infiniplex_forest_clump_small,
          minmay_crystal_water

Skill      XL: |  1  2 |
---------------+-------+-----
Dodging        | 3 |  3.0
Hexes          | 5 |  5.0
Stealth        | |  4.4
Unarmed Combat | |  1.8
Spellcasting   | |  2.0

Action                   || total
-------------------------++-------
Melee: Unarmed           ||    86
       Bite              ||     7
 Cast: Ensorcelled Hiber ||     5
  Use: Scroll            ||     6
 Stab: Sleeping          ||    11
Armor: Skin              ||     2
Dodge: Dodged            ||    60

Table legend:
 A = Non-vault XP
 B = Vault XP
 C = Vault XP percentage of total XP
 D = Non-vault monster count
 E = Vault monster count
 F = Vault count percentage of total count
                 A         B        C        D         E       F
            +---------+---------+-------+---------+---------+-------
      Total |      39 |       0 |   0.0 |      20 |       0 |   0.0
            +---------+---------+-------+---------+---------+-------
        D:1 |      18 |       0 |   0.0 |      10 |       0 |   0.0
        D:2 |       6 |       0 |   0.0 |       3 |       0 |   0.0
        D:3 |      15 |       0 |   0.0 |       7 |       0 |   0.0
            +---------+---------+-------+---------+---------+-------
